[Event "*** Titled Tuesday Blitz"]
[Site "Chess.com"]
[Date "2020.05.05"]
[Round "6"]
[White "VojtechPlat"]
[Black "Pavlov_Sergey"]
[Result "1-0"]
[WhiteElo "2794"]
[BlackElo "2603"]
[TimeControl "180+1"]
[EndTime "11:06:49 PDT"]
[Termination "VojtechPlat won by resignation"]

1. e4 Nf6 2. e5 Nd5 3. g3 d6 4. exd6 exd6 5. Bg2 Nf6 6. Ne2 Be7 7. O-O O-O 8. c4 Nc6 9. Nbc3 Be6 10. b3 Qd7 11.
Nf4 Bg4 12. f3 Bf5 13. d4 Rfe8 14. Bb2 h6 15. a3 a5 16. Qd2 Bf8 17. g4 Bh7 18. h3 Ne7 19. Rae1 Ng6 20. Nxg6 Bxg6 21. f4 c6 22. f5 Bh7 23. d5 Rxe1 24. Rxe1 Re8 25.
Rxe8 Nxe8 26. dxc6 bxc6 27. Ne4 d5 28. cxd5 cxd5 29. Nf2 d4 30. Qxa5 g6 31. fxg6 Bxg6 32. Qd5 Qe7 33. Be4 Bg7 34. Bxg6 1-0

[Event "*** Titled Tuesday Blitz"]
[Site "Chess.com"]
[Date "2020.05.05"]
[Round "6"]
[White "shav3184"]
[Black "Ranindu2003"]
[Result "1-0"]
[WhiteElo "2343"]
[BlackElo "2479"]
[TimeControl "180+1"]
[EndTime "11:06:49 PDT"]
[Termination "shav3184 won by resignation"]

1. e4 c5 2. Nf3 Nc6 3. d4 cxd4 4. Nxd4 Nf6 5. Nc3 d6 6. g3 e5 7. Ndb5 a6 8. Na3 b5 9. Nd5 Be7 10. Bg2 O-O 11. O-O Be6 12. c3 Rb8 13. Nc2 Bxd5 14. exd5 Na5 15. f4 Qc7 16. Nb4 Rfe8 17. Kh1 e4 18.
Nxa6 Qb6 19. Nxb8 Qxb8 20. Qd4 Bd8 21. Be3 Nc4 22. Qa7 Qc8 23. Bd4 e3 24. b3 Nd2 25.
Rfe1 Ng4 26. Kg1 Bf6 27. Bxf6 gxf6 28. Qd4 Qf5 29. h3 Nf2 30. Rxe3 Rxe3 31. Qxe3 Nxh3+ 32.
Bxh3 Qxh3 33. Qxd2 1-0

[Event "*** Titled Tuesday Blitz"]
[Site "Chess.com"]
[Date "2020.05.05"]
[Round "6"]
[White "tan275"]
[Black "Winehouse83"]
[Result "0-1"]
[WhiteElo "2182"]
[BlackElo "2502"]
[TimeControl "180+1"]
[EndTime "11:06:49 PDT"]
[Termination "Winehouse83 won by resignation"]

1. d4 Nf6 2. c4 e6 3. g3 d5 4. Bg2 Be7 5. Nf3 O-O 6. O-O dxc4 7. Qa4 a6 8. Qxc4 b5 9. Qc2 Bb7 10. Rd1 Be4 11. Qb3 Bd5 12. Qe3 b4 13. Ne5 Nbd7 14.
Nc6 Qe8 15. Nxe7+ Qxe7 16. Nd2 Bxg2 17. Kxg2 c5 18. Nf3 cxd4 19. Nxd4 Nc5 20. Nc6 Qb7 21. Qxc5 Rac8 22. Kg1 Rxc6 23. Qe5 Rc2 24. Bg5 Nd5 25. e4 Nb6 26. b3 Qc8 27. Be7 Re8 28. Qd6 Rc6 29. Qxb4 Nd7 30. Bh4 Ne5 31. Qd4 Nf3+ 0-1

[Event "*** Titled Tuesday Blitz"]
[Site "Chess.com"]
[Date "2020.05.05"]
[Round "6"]
[White "ENEASZ"]
[Black "Harut-1998"]
[Result "0-1"]
[WhiteElo "2504"]
[BlackElo "2739"]
[TimeControl "180+1"]
[EndTime "11:06:50 PDT"]
[Termination "Harut-1998 won on time"]

1. e4 e5 2. Nf3 Nc6 3. Bc4 Bc5 4. O-O Nf6 5. d3 O-O 6. Re1 d6 7. h3 h6 8. c3 a5 9. a4 Re8 10. Na3 Bd7 11. Nc2 Qb8 12. Be3 Qa7 13. Qd2 Ne7 14. Bxh6 gxh6 15. Qxh6 Bxf2+ 16. Kh1 d5 17. Qxf6 Bxe1 18.
exd5 Nf5 19. Rxe1 Qb6 20. Qxb6 cxb6 21. Nxe5 Bxa4 22. Nd4 Nxd4 23. cxd4 f6 24. d6+ Kg7 25. Re4 fxe5 26. dxe5 Rad8 27. Rg4+ Kh6 28. Rh4+ Kg5 29. Rg4+ Kf5 30. d4 Rc8 31. Bd3+ Ke6 32. Kh2 Bd7 33. Rg7 Rcd8 0-1

[Event "*** Titled Tuesday Blitz"]
[Site "Chess.com"]
[Date "2020.05.05"]
[Round "6"]
[White "starworld123"]
[Black "Zhuu96"]
[Result "0-1"]
[WhiteElo "2629"]
[BlackElo "2921"]
[TimeControl "180+1"]
[EndTime "11:06:50 PDT"]
[Termination "Zhuu96 won by resignation"]

1. e4 c5 2. Nf3 e6 3. d3 Nc6 4.
g3 g6 5. Bg2 Bg7 6. O-O Nge7 7.
Nbd2 O-O 8. Re1 d6 9. h4 h6 10. Nf1 b5 11. a4 b4 12. Ne3 Kh7 13. Rb1 Rb8 14. b3 e5 15. Bd2 Be6 16. Nc4 f5 17. h5 f4 18. Nh4 g5 19. Nf5 Bxf5 20. exf5 d5 21. Nb2 Nxf5 22. Qf3 fxg3 23. fxg3 e4 24. dxe4 Bd4+ 25. Kh2 Nh4 26. Qg4 Ne5 27. Qe6 Nef3+ 28.
Bxf3 Nxf3+ 29. Kh1 Nxd2 30. Qg6+ Kh8 31. Qxh6+ Kg8 32.
Qg6+ Bg7 33. h6 Rf7 34. Rbd1 Rb6 35. Qxg7+ Rxg7 36. hxg7 Nf3 0-1

[Event "*** Titled Tuesday Blitz"]
[Site "Chess.com"]
[Date "2020.05.05"]
[Round "6"]
[White "swimmerchess"]
[Black "dragos420"]
[Result "1-0"]
[WhiteElo "2721"]
[BlackElo "2506"]
[TimeControl "180+1"]
[EndTime "11:06:50 PDT"]
[Termination "swimmerchess won by resignation"]

1. e4 e5 2. Nf3 Nc6 3. Bb5 g6 4. c3 Bg7 5. d4 exd4 6. cxd4 a6 7.
Ba4 b5 8. Bb3 Nge7 9. d5 Na5 10.
Bd2 Nxb3 11. Qxb3 c5 12. d6 Nc6 13. Bc3 c4 14. Qc2 O-O 15. Bxg7 Kxg7 16. O-O Bb7 17. Nc3 Re8 18. a4 Nb4 19. Qd2 Nd3 20. b3 Qf6 21. axb5 axb5 22. Rxa8 Bxa8 23. Nxb5 Bxe4 24. bxc4 Nf4 25.
Ne1 Qg5 26. Qb2+ Kg8 27. f3 Bc6 28. Nd4 Qe5 29. Nec2 Nd3 30. Qc3 Nf4 31. Re1 Qg5 1-0

[Event "*** Titled Tuesday Blitz"]
[Site "Chess.com"]
[Date "2020.05.05"]
[Round "6"]
[White "Chessmatus"]
[Black "OK97"]
[Result "0-1"]
[WhiteElo "2391"]
[BlackElo "2725"]
[TimeControl "180+1"]
[EndTime "11:06:51 PDT"]
[Termination "OK97 won by resignation"]

1. e4 c5 2. Nf3 Nc6 3. d4 cxd4 4. Nxd4 Nf6 5. Nc3 d6 6. Bg5 e6 7. Qd2 a6 8. f4 Bd7 9. O-O-O Be7 10. Nf3 b5 11. Bxf6 gxf6 12. f5 Qb6 13. fxe6 fxe6 14. Bd3 b4 15. Ne2 a5 16. Qh6 Qc5 17. e5 fxe5 18.
Qh5+ Kd8 19. Bxh7 b3 20. axb3 a4 21. bxa4 Rxa4 22. Kb1 Qa7 23. b3 Ra1+ 24. Kb2 Ra2+ 25. Kb1 Kc7 26. Qg6 Ra1+ 27. Kb2 Ra2+ 28. Kc3 Qe3+ 29.
Qd3 Qc5+ 30. Kd2 Nb4 31. Qc3 0-1

[Event "*** Titled Tuesday Blitz"]
[Site "Chess.com"]
[Date "2020.05.05"]
[Round "6"]
[White "grunbergmihai"]
[Black "MiroVlasenko"]
[Result "0-1"]
[WhiteElo "2392"]
[BlackElo "2582"]
[TimeControl "180+1"]
[EndTime "11:06:51 PDT"]
[Termination "MiroVlasenko won by checkmate"]

1. Nf3 f5 2. d3 d6 3. e4 e5 4. exf5 Bxf5 5. d4 e4 6. Nfd2 Nf6 7. c4 Be7 8. Nc3 O-O 9. Be2 Nc6 10. Nf1 Qd7 11. Ng3 Bg6 12. Be3 Rae8 13. h4 h6 14. h5 Bh7 15. Nd5 Bd8 16. Qb3 Ng4 17. O-O-O Nxf2 18.
Bxf2 Rxf2 19. Rhg1 e3 20. c5 Kh8 21. Nc3 Bh4 22. Nh1 Qf5 23. g4 Qg5 24. cxd6 cxd6 25. Qxb7 Rxe2 26. Nxe2 Na5 27. Qd7 Rb8 28. Rgf1 Qd5 29.
Nc3 Qxa2 30. Nxa2 Nb3# 0-1

[Event "*** Titled Tuesday Blitz"]
[Site "Chess.com"]
[Date "2020.05.05"]
[Round "6"]
[White "ChesterF"]
[Black "MaxLeto"]
[Result "1-0"]
[WhiteElo "2505"]
[BlackElo "2329"]
[TimeControl "180+1"]
[EndTime "11:06:52 PDT"]
[Termination "ChesterF won on time"]

1. d4 Nf6 2. c4 g6 3. Nc3 Bg7 4. e4 d6 5. Nf3 O-O 6. Be2 Nc6 7.
O-O e5 8. d5 Ne7 9. Ne1 Ne8 10.
Bd2 f5 11. f3 f4 12. Nd3 g5 13. c5 Rf6 14. Rc1 h5 15. Nb5 a6 16. Na3 Rg6 17. Nf2 Nf6 18. cxd6 cxd6 19. Nc4 b6 20. Qb3 Rb8 21.
Qa3 Ne8 22. Bb4 a5 23. Bc3 g4 24. Qb3 g3 25. Nd3 gxh2+ 26. Kh1 Kh7 27. Bxa5 bxa5 28. Qxb8 Rxg2 29. Qb6 Qd7 30. Kxg2 Qh3+ 31. Kh1 Qg3 32. Qf2 h4 33. Qxh2 Ng6 34. Rg1 1-0

[Event "*** Titled Tuesday Blitz"]
[Site "Chess.com"]
[Date "2020.05.05"]
[Round "6"]
[White "Kensei26"]
[Black "Shushik"]
[Result "1-0"]
[WhiteElo "2157"]
[BlackElo "2025"]
[TimeControl "180+1"]
[EndTime "11:06:53 PDT"]
[Termination "Kensei26 won by resignation"]

1. e4 e5 2. Nf3 Nc6 3. Bb5 Nf6 4. O-O Nxe4 5. d4 Nd6 6. Bxc6 dxc6 7. dxe5 Nf5 8.
Qxd8+ Kxd8 9. Rd1+ Ke8 10. Nc3 Be7 11. Ne2 Be6 12. Nf4 Bd7 13. b3 g5 14. Nh5 g4 15.
Ng5 h6 16. Ne4 Be6 17. Nef6+ Kf8 18. Nxg4 Rg8 19. Nxh6 Rg6 20. Nxf5 Bxf5 21. Ng3 Be6 22. c4 b5 23. cxb5 Bd5 24. bxc6 Bxc6 25. Be3 Bb4 26. Rac1 Kg7 27. f4 Kh7 28. f5 Rg7 29. Rxc6 1-0

[Event "*** Titled Tuesday Blitz"]
[Site "Chess.com"]
[Date "2020.05.05"]
[Round "6"]
[White "kingofthenil"]
[Black "DrVelja"]
[Result "0-1"]
[WhiteElo "2468"]
[BlackElo "2644"]
[TimeControl "180+1"]
[EndTime "11:06:54 PDT"]
[Termination "DrVelja won by checkmate"]

1. d4 Nf6 2. c4 g6 3. Nc3 d5 4.
Nf3 Bg7 5. e3 O-O 6. cxd5 Nxd5 7. Bc4 Nxc3 8. bxc3 c5 9. O-O Qc7 10. Qe2 Nc6 11. Ba3 b6 12. Rac1 Bb7 13. Rfd1 Rac8 14. h4 Rfd8 15. Ng5 e6 16. h5 Qe7 17. Qg4 Na5 18. Bd3 Qf6 19. hxg6 hxg6 20. Qh4 Rd5 21. Qh7+ Kf8 22. Ne4 Qe7 23. Qh2 Rh5 24. Qg3 Bxe4 25. Bxe4 Nc4 26. dxc5 Nxa3 27. c6 Be5 28. Qf3 f5 29. Rd7 Qh4 30. g3 Qxe4 31. Qd1 Rh1# 0-1

[Event "*** Titled Tuesday Blitz"]
[Site "Chess.com"]
[Date "2020.05.05"]
[Round "6"]
[White "lupta_robin"]
[Black "Kobalia"]
[Result "0-1"]
[WhiteElo "2510"]
[BlackElo "2739"]
[TimeControl "180+1"]
[EndTime "11:06:56 PDT"]
[Termination "Kobalia won by resignation"]

1. e4 c6 2. d4 d5 3. Nc3 g6 4. Nf3 Bg7 5. h3 Nh6 6. Bd3 O-O 7. O-O f6 8. Qe2 Nf7 9. Re1 Re8 10. Bf4 Na6 11.
e5 Nb4 12. exf6 Bxf6 13. Ne5 Nxd3 14. Qxd3 Bf5 15. Qd2 Nd6 16. b3 Qa5 17. Re2 Nb5 18. Nxb5 Qxd2 19. Rxd2 cxb5 20. g4 Be4 21. Nd7 g5 22.
Be3 Rac8 23. Rc1 b6 24. Nxf6+ exf6 25. h4 h6 26. Kh2 Rc6 27. Kg3 Rec8 28. hxg5 fxg5 29.
f3 Bh7 30. Rh1 Rc3 31. Kf2 Kg7 32. Rc1 b4 33. Re2 Rf8 34. Kg2 a5 35. Rf1 Bxc2 36.
Bd2 Bd3 37. Re7+ Kf6 38. Rf2 Kxe7 0-1

[Event "*** Titled Tuesday Blitz"]
[Site "Chess.com"]
[Date "2020.05.05"]
[Round "6"]
[White "Phenix2k"]
[Black "ClassyEl"]
[Result "0-1"]
[WhiteElo "2306"]
[BlackElo "2556"]
[TimeControl "180+1"]
[EndTime "11:06:57 PDT"]
[Termination "ClassyEl won by resignation"]

1. d4 Nf6 2. c4 c5 3. d5 e6 4. Nc3 exd5 5. cxd5 Bd6 6. g3 Bc7 7. Bg2 d6 8. e4 O-O 9. h3 Nbd7 10. Nf3 Re8 11. O-O Nxe4 12. Nxe4 Rxe4 13. Ng5 Re7 14. Qh5 Nf6 15. Qh4 Bf5 16. Be3 Ba5 17. a3 h6 18. Nf3 Re4 19. g4 Bg6 20. Nh2 Re8 21.
g5 Ne4 22. Nf3 hxg5 23. Bxg5 Nxg5 24. Nxg5 Bd2 25. f4 Qf6 26. Rad1 Re2 27. Bf3 Be3+ 28. Kh1 Rxb2 29. Bh5 Be4+ 30. Bf3 Bg6 31. Bh5 Re8 32. f5 Bxh5 33. Ne6 Qxh4 0-1

[Event "*** Titled Tuesday Blitz"]
[Site "Chess.com"]
[Date "2020.05.05"]
[Round "6"]
[White "ezkybel"]
[Black "Sven_Tica"]
[Result "1/2-1/2"]
[WhiteElo "2456"]
[BlackElo "2695"]
[TimeControl "180+1"]
[EndTime "11:06:57 PDT"]
[Termination "Game drawn by repetition"]

1. e4 c5 2. Nf3 Nf6 3. Nc3 d5 4. exd5 Nxd5 5. Bb5+ Bd7 6. Bxd7+ Qxd7 7. O-O Nc6 8. Re1 Rd8 9. d3 e6 10. Bg5 Be7 11. Bxe7 Qxe7 12. Qd2 O-O 13. Re4 Qf6 14. Rae1 Nxc3 15. bxc3 Rd5 16. c4 Rd6 17. Qe3 b6 18. Ne5 Nd4 19. Qd2 Rfd8 20. h3 Qe7 21. a4 f6 22. Nf3 Nxf3+ 23. gxf3 Qd7 24. a5 e5 25. Kh2 Rd4 26. axb6 axb6 27. Rg1 Qf5 28. Qe3 Kf7 29. Rb1 R8d6 30. Rxd4 exd4 31. Qe4 Qd7 32. Qxh7 Re6 33. Rg1 Qd6+ 34. Kh1 Re2 35. Rxg7+ Ke6 36. Qg8+ Kf5 37.
Qh7+ Ke6 38. Qg8+ Kf5 39. Qh7+ Ke6 1/2-1/2

[Event "*** Titled Tuesday Blitz"]
[Site "Chess.com"]
[Date "2020.05.05"]
[Round "6"]
[White "kleopl"]
[Black "Safar_From_Afar"]
[Result "1-0"]
[WhiteElo "2447"]
[BlackElo "2287"]
[TimeControl "180+1"]
[EndTime "11:06:57 PDT"]
[Termination "kleopl won by resignation"]

1. c4 c5 2. Nf3 Nc6 3. Nc3 g6 4.
e3 Nf6 5. d4 cxd4 6. exd4 d5 7.
Bg5 Be6 8. Bxf6 exf6 9. c5 Bg4 10. Be2 Bg7 11. O-O f5 12. h3 Bxf3 13. Bxf3 O-O 14. Bxd5 Bxd4 15. Bxc6 bxc6 16. Na4 Rb8 17. Rb1 Qf6 18. b4 Rfe8 19. Re1 Re4 20. a3 Rbe8 21. Qd2 Qe5 22. Rxe4 fxe4 23. Qe2 f5 24. Nb2 f4 25. Nc4 Qg5 26. Nd6 f3 27. Qc4+ Kg7 28. Qxd4+ Re5 29. g3 e3 30. Nc4 exf2+ 31. Kxf2 1-0

[Event "*** Titled Tuesday Blitz"]
[Site "Chess.com"]
[Date "2020.05.05"]
[Round "6"]
[White "Bossche-CM"]
[Black "Nastya_Rakhmangulova"]
[Result "1-0"]
[WhiteElo "2454"]
[BlackElo "2290"]
[TimeControl "180+1"]
[EndTime "11:06:58 PDT"]
[Termination "Bossche-CM won by resignation"]

1. e4 c5 2. b3 e5 3. Bc4 Qg5 4. Nf3 Qg6 5. Nxe5 Qxe4+ 6. Qe2 Qxe2+ 7. Kxe2 Nh6 8. d4 d6 9. Bb5+ Nd7 10. Nxd7 Bxd7 11.
Bxd7+ Kxd7 12. Bxh6 gxh6 13. dxc5 Bg7 14. c3 Rhe8+ 15.
Kd3 dxc5 16. Nd2 Kc6 17. Rae1 Rad8+ 18. Kc2 Rg8 19. g3 h5 20. Re7 Rd7 21. Rhe1 h4 22.
Rxd7 Kxd7 23. g4 Bf6 24. h3 h5 25. gxh5 Rg2 26. Re3 Rxf2 27. Rf3 Rxf3 28. Nxf3 Ke6 29. h6 Kf5 30. h7 Kf4 31. Nxh4 Kg3 32. Nf5+ Kxh3 33. Nd6 Kg4 34. Nxf7 Kf5 35. h8=Q Bxh8 36. Nxh8 Kf6 37. Kd3 Kg7 38. Kc4 b6 39. Kb5 Kxh8 40. Ka6 Kg7 41. Kxa7 b5 42. Kb6 c4 1-0

[Event "*** Titled Tuesday Blitz"]
[Site "Chess.com"]
[Date "2020.05.05"]
[Round "6"]
[White "politeplayer"]
[Black "nickmatta"]
[Result "1-0"]
[WhiteElo "2238"]
[BlackElo "2447"]
[TimeControl "180+1"]
[EndTime "11:07:00 PDT"]
[Termination "politeplayer won by resignation"]

1. e4 e5 2. Nc3 Nf6 3. Bc4 c6 4. Nf3 d5 5. exd5 cxd5 6. Bb5+ Bd7 7. Nxe5 Bxb5 8. Nxb5 a6 9. Qe2 Be7 10. Nd4 O-O 11.
Nf5 Re8 12. Nxe7+ Qxe7 13. d4 Nc6 14. Be3 Nxe5 15. dxe5 Qxe5 16. c3 Qe4 17. O-O Ng4 18. Rad1 Nxe3 19. Qxe3 Qc4 20. Qd4 Qxa2 21. b4 Rad8 22.
Qb6 Rd7 23. b5 Qb3 24. Rb1 Qxc3 25. bxa6 bxa6 26. Qxa6 d4 27. Qa4 Red8 28. Qxd7 Rf8 29. Rbd1 1-0

[Event "*** Titled Tuesday Blitz"]
[Site "Chess.com"]
[Date "2020.05.05"]
[Round "6"]
[White "ShadowJolteon"]
[Black "Everyfishknows"]
[Result "0-1"]
[WhiteElo "2252"]
[BlackElo "2413"]
[TimeControl "180+1"]
[EndTime "11:07:00 PDT"]
[Termination "Everyfishknows won by resignation"]

1. d4 Nf6 2. c4 e6 3. g3 Bb4+ 4. Bd2 Qe7 5. Nf3 Nc6 6. Bg2 Bxd2+ 7. Nbxd2 d6 8. O-O O-O 9. e4 e5 10. d5 Nb8 11. Ne1 a5 12. Nd3 Na6 13. Qc2 Bd7 14. f4 exf4 15. gxf4 c6 16. e5 Ng4 17. Rae1 Bf5 18.
h3 Nb4 19. Qc3 Bxd3 20. Rf3 Qh4 21. Nb3 Bxc4 22. hxg4 Bxd5 23. Rh3 Qxg4 24. Rg3 Qxf4 25. exd6 f6 26. a3 Bxg2 27. axb4 axb4 28. Qc5 Qxg3 0-1

[Event "*** Titled Tuesday Blitz"]
[Site "Chess.com"]
[Date "2020.05.05"]
[Round "6"]
[White "Apocalyps999"]
[Black "cassoulet"]
[Result "0-1"]
[WhiteElo "2418"]
[BlackElo "2594"]
[TimeControl "180+1"]
[EndTime "11:07:02 PDT"]
[Termination "cassoulet won by resignation"]

1. e4 c6 2. c4 e5 3. Nf3 d6 4. d4 exd4 5. Nxd4 Nf6 6. Nc3 Be7 7.
Bd3 O-O 8. O-O Re8 9. h3 Nbd7 10. Re1 Bf8 11. Nf5 Nc5 12. g4 Bxf5 13. gxf5 Nfd7 14. Bf1 Qh4 15. Qg4 Qxg4+ 16. hxg4 Ne5 17. Be2 Ned3 18. Rd1 Nxc1 19. Raxc1 Nxe4 20. Bf3 Nf6 21. b4 Nd7 22. b5 Ne5 23. Bg2 Rac8 24. Rd4 Be7 25. Re1 Bf6 26. Rxd6 Nf3+ 27. Bxf3 Rxe1+ 28. Kg2 Bxc3 29. bxc6 bxc6 30. Bxc6 g6 31. f6 Re6 0-1

[Event "*** Titled Tuesday Blitz"]
[Site "Chess.com"]
[Date "2020.05.05"]
[Round "6"]
[White "adriangschnitzer"]
[Black "doons21"]
[Result "1-0"]
[WhiteElo "2445"]
[BlackElo "2592"]
[TimeControl "180+1"]
[EndTime "11:07:03 PDT"]
[Termination "adriangschnitzer won by resignation"]

1. c4 Nf6 2. Nc3 g6 3. e4 d6 4. d4 Bg7 5. Be2 O-O 6. Be3 Na6 7. g4 c6 8. g5 Nd7 9. h4 e5 10. d5 cxd5 11. cxd5 f5 12. gxf6 Nxf6 13. h5 gxh5 14. Bxh5 Nc5 15. f3 b5 16. Qd2 b4 17. Nce2 Ba6 18. O-O-O Nxh5 19. Rxh5 Qe8 20. Ng3 Qa4 21. Bxc5 Rac8 22. Kb1 Rxc5 23. Nf5 Rf7 24. Rg5 Rfc7 25. Ne2 b3 26. axb3 Rc2 27. bxa4 Rxd2 28. Rxd2 1-0

[Event "*** Titled Tuesday Blitz"]
[Site "Chess.com"]
[Date "2020.05.05"]
[Round "6"]
[White "abhidabhi"]
[Black "Savagelittlemole"]
[Result "1-0"]
[WhiteElo "2770"]
[BlackElo "2578"]
[TimeControl "180+1"]
[EndTime "11:07:06 PDT"]
[Termination "abhidabhi won by resignation"]

1. Nf3 Nf6 2. g3 g6 3. Bg2 Bg7 4. b3 O-O 5. Bb2 d6 6. d4 Nbd7 7. O-O c5 8. c4 cxd4 9. Nxd4 Nc5 10. Nc3 a6 11. e4 Bd7 12. Re1 Rc8 13. Qd2 Re8 14. Nd5 Nxd5 15. exd5 b5 16. cxb5 Bxb5 17. Re3 Qb6 18. Rae1 Bf6 19. h4 h5 20. Nc6 Bxc6 21.
Bxf6 exf6 22. dxc6 Rxe3 23. Rxe3 Qc7 24. Qd4 Kg7 25. Bd5 Qa5 26. b4 Qa4 27. Re7 Rf8 28.
c7 Qa3 29. bxc5 dxc5 30. Qf4 Qc3 31. Rxf7+ Rxf7 32. c8=Q Qe1+ 33. Kg2 1-0

[Event "*** Titled Tuesday Blitz"]
[Site "Chess.com"]
[Date "2020.05.05"]
[Round "6"]
[White "albi1999"]
[Black "Agnes66678"]
[Result "1-0"]
[WhiteElo "2604"]
[BlackElo "2418"]
[TimeControl "180+1"]
[EndTime "11:07:06 PDT"]
[Termination "albi1999 won by resignation"]

1. d4 Nf6 2. c4 c5 3. d5 e6 4. Nc3 exd5 5. cxd5 d6 6. e4 g6 7. h3 Bg7 8. Nf3 O-O 9. Bd3 b5 10. Nxb5 Re8 11. O-O Nxe4 12. Re1 a6 13. Nc3 Nf6 14. Rxe8+ Nxe8 15. Bg5 Bf6 16. Bxf6 Nxf6 17. Qd2 Bb7 18.
Bc4 Nbd7 19. Rd1 Nb6 20. b3 Kg7 21. Qf4 Qd7 22. Ng5 Re8 23. Nge4 Nxe4 24. Nxe4 Rd8 25.
Qf6+ Kg8 26. Nxc5 dxc5 27. Qxb6 Rc8 28. Qf6 Qd8 29. Qf4 Kg7 30. Rd3 Qf6 31. Qxf6+ Kxf6 32. Rf3+ Kg7 33. Re3 Rc7 34. d6 Rd7 35. Re7 Bc6 36. Rxd7 Bxd7 37. Bxa6 Kf6 38. Bc4 Ke5 39. Bxf7 Kxd6 40.
f4 Bf5 41. Kf2 Ke7 42. Bc4 Kd6 43.
g4 Bb1 44. a4 Bc2 45. Ke3 Bd1 46. a5 h6 47. Ke4 Bc2+ 48. Kf3 Kc6 49. Kg3 Be4 50. h4 Kd6 51. h5 gxh5 52. gxh5 Ke7 53. Kg4 Kf6 54. a6 Bc6 55. a7 Be4 56. Be2 1-0

[Event "*** Titled Tuesday Blitz"]
[Site "Chess.com"]
[Date "2020.05.05"]
[Round "6"]
[White "Azatic"]
[Black "SARGISMV"]
[Result "1-0"]
[WhiteElo "2629"]
[BlackElo "2446"]
[TimeControl "180+1"]
[EndTime "11:07:07 PDT"]
[Termination "Azatic won by checkmate"]

1. e4 e6 2. Qe2 c5 3. Nf3 Nc6 4. g3 g6 5. Bg2 Bg7 6. O-O d6 7.
d3 Nge7 8. c3 Rb8 9. a4 O-O 10.
Rd1 e5 11. Na3 a6 12. Nc4 b5 13.
axb5 axb5 14. Ne3 h6 15. h3 Kh7 16. Nc2 f5 17. exf5 gxf5 18. d4 cxd4 19. cxd4 e4 20.
Nh4 Nd5 21. Ne3 Be6 22. Nexf5 Rxf5 23. Nxf5 Bxf5 24. Bxe4 Nde7 25. Bxf5+ Nxf5 26. Qe4 Nxd4 27. Rxd4 Bxd4 28. Qxf5+ Kg7 29. Be3 Bxe3 30. fxe3 Qb6 31. Qg4+ Kh7 32. Qe4+ Kg7 33. Qe7+ Kg6 34. Rf1 d5 35. Qf7+ Kg5 36. h4+ Kg4 37. Qf5+ Kxg3 38. Rf3+ Kxh4 39. Rh3# 1-0

[Event "*** Titled Tuesday Blitz"]
[Site "Chess.com"]
[Date "2020.05.05"]
[Round "6"]
[White "BasilSmash"]
[Black "KaterynaLagno"]
[Result "0-1"]
[WhiteElo "2438"]
[BlackElo "2626"]
[TimeControl "180+1"]
[EndTime "11:07:07 PDT"]
[Termination "KaterynaLagno won on time"]

1. d4 Nf6 2. Nf3 g6 3. g3 Bg7 4. Bg2 O-O 5. O-O d5 6. c4 Nc6 7. Nc3 dxc4 8. d5 Nb4 9. e4 c6 10. dxc6 Qxd1 11. Rxd1 Nxc6 12. h3 Be6 13. Ng5 Rad8 14.
Be3 Bc8 15. Bf1 Ne5 16. f4 Nd3 17. e5 Nh5 18. Bxd3 cxd3 19. g4 Ng3 20. Kf2 f6 21. Nf3 Ne2 22. Nxe2 dxe2 23. Kxe2 Be6 24. b3 Bd5 25. exf6 exf6 26. Kf2 f5 27. g5 Bxa1 28. Rxa1 Bxf3 29. Kxf3 Rfe8 30. Re1 Rd3 31. Kf2 a6 32. Re2 Rc3 33. h4 Kf7 34. Re1 Rc2+ 35. Re2 Rxe2+ 36.
Kxe2 Ke6 37. Kd3 Kd5 38. Bd2 Re4 39. Be3 a5 40. a4 Rb4 41. Kc2 b5 42. Bd2 Re4 43.
axb5 Kc5 44. Bxa5 Rxf4 0-1

[Event "*** Titled Tuesday Blitz"]
[Site "Chess.com"]
[Date "2020.05.05"]
[Round "6"]
[White "Grandelicious"]
[Black "profofchess"]
[Result "1-0"]
[WhiteElo "2739"]
[BlackElo "2452"]
[TimeControl "180+1"]
[EndTime "11:07:07 PDT"]
[Termination "Grandelicious won on time"]

1. Nf3 Nc6 2. c4 e5 3. d4 e4 4. Ng5 Nf6 5. e3 h6 6. Nh3 d6 7.
Nc3 g5 8. Qc2 Bf5 9. f3 Bxh3 10.
gxh3 exf3 11. Qf5 Qe7 12. Kf2 Rg8 13. Bd2 g4 14. Nd5 Nxd5 15. cxd5 Rg5 16. Qf4 Rxd5 17. Bc4 Rg5 18. hxg4 O-O-O 19. Qxf7 Kb8 20. Qxe7 Bxe7 21. Kxf3 Rf8+ 22. Ke2 Rxg4 23. Rag1 Rh4 24. Rg2 Bg5 25. Rf1 Rxf1 26. Kxf1 Rh3 27. Ke2 a6 28. Be6 Rh4 29. Bg4 h5 30. Bf5 Bf6 31. Be1 Nxd4+ 32. exd4 Rf4 33.
Rf2 Rxd4 34. Bc3 1-0

[Event "*** Titled Tuesday Blitz"]
[Site "Chess.com"]
[Date "2020.05.05"]
[Round "6"]
[White "Ave_Mariia"]
[Black "Morshynska"]
[Result "1-0"]
[WhiteElo "2279"]
[BlackElo "2128"]
[TimeControl "180+1"]
[EndTime "11:07:07 PDT"]
[Termination "Ave_Mariia won by resignation"]

1. d4 d5 2. c4 c6 3. Nf3 Nf6 4. Qc2 e6 5. g3 Nbd7 6. Bg2 Bd6 7.
O-O O-O 8. Rd1 b6 9. Nc3 Bb7 10. b3 Rc8 11. Bb2 Qe7 12. Rac1 Ba3 13. Ne5 Nxe5 14.
dxe5 Nd7 15. f4 Bxb2 16. Qxb2 dxc4 17. bxc4 Nc5 18. Qa3 Ba6 19. Ne4 Bb7 20. Nxc5 Rfd8 21. Rd3 Rxd3 22. exd3 bxc5 23. Qxa7 Ra8 24. Qb6 g5 25.
Rb1 Bc8 26. Qxc6 1-0

[Event "*** Titled Tuesday Blitz"]
[Site "Chess.com"]
[Date "2020.05.05"]
[Round "6"]
[White "Beca95"]
[Black "fmshawnrl123"]
[Result "1-0"]
[WhiteElo "2871"]
[BlackElo "2699"]
[TimeControl "180+1"]
[EndTime "11:07:08 PDT"]
[Termination "Beca95 won by resignation"]

1. Nf3 d5 2. c4 e6 3. e3 Nf6 4. Nc3 b6 5. b3 Bb7 6. Bb2 Be7 7. Be2 O-O 8. O-O Nbd7 9. d4 dxc4 10. bxc4 c5 11. d5 exd5 12. cxd5 Bd6 13. e4 Re8 14. Nd2 Be5 15. Qc2 a6 16. a4 Qc7 17. g3 Re7 18. Nc4 Rae8 19. Nxe5 Rxe5 20. f3 c4 21. Kg2 Nc5 22. Rad1 Qd7 23. Bxc4 Rc8 24. Be2 b5 25. axb5 axb5 26. Bxb5 Qd8 27. Qf2 Qa5 28. Ra1 Qb4 29. Rfb1 Nb3 30. Ra4 Qe7 31. Nd1 Nc5 32. Bxe5 Qxe5 33.
Rc4 Nxd5 34. exd5 Qxd5 35. Rbc1 Qe5 1-0

[Event "*** Titled Tuesday Blitz"]
[Site "Chess.com"]
[Date "2020.05.05"]
[Round "6"]
[White "XDPS"]
[Black "Vesper2018"]
[Result "1-0"]
[WhiteElo "2723"]
[BlackElo "2178"]
[TimeControl "180+1"]
[EndTime "11:07:08 PDT"]
[Termination "XDPS won on time"]

1. d4 Nf6 2. Nf3 g6 3. Nbd2 d5 4. e3 Bg7 5. b4 a5 6. b5 O-O 7. c4 c6 8. a4 dxc4 9. Bxc4 cxb5 10. Bxb5 Nc6 11. O-O Nb4 12. Ba3 Bf5 13. Bxb4 axb4 14.
Qb3 Ne4 15. Qxb4 Nd6 16. Be2 Qa5 17. Qxa5 Rxa5 18. Nb3 Raa8 19. a5 Rfc8 20. Rfc1 Rxc1+ 21. Nxc1 Be4 22. Nb3 Bxf3 23. Bxf3 e5 24. dxe5 Bxe5 25. Rc1 Kg7 26. g3 Ra6 27. Rc5 Bf6 28. Rc7 Ra7 29.
Rd7 Be5 30. Bd5 Nb5 31. Rxf7+ Kh6 32. Rxb7 Rxb7 33. Bxb7 g5 34. a6 g4 35. Na5 Na7 36. Nc4 Bc7 37. Be4 Kg7 38. Kg2 h5 39. h4 Kf6 40. Bd5 Nb5 41. e4 Bb8 42. Bc6 Nd4 43. Be8 Nf3 44. Bxh5 1-0

[Event "*** Titled Tuesday Blitz"]
[Site "Chess.com"]
[Date "2020.05.05"]
[Round "6"]
[White "TregubovP"]
[Black "JonahWillow"]
[Result "1-0"]
[WhiteElo "2496"]
[BlackElo "2676"]
[TimeControl "180+1"]
[EndTime "11:07:09 PDT"]
[Termination "TregubovP won by resignation"]

1. e4 c5 2. Nf3 Nc6 3. c3 Nf6 4. e5 Nd5 5. d4 cxd4 6. cxd4 g6 7. Bc4 Nb6 8. Be2 Bg7 9. O-O O-O 10. Nc3 d6 11.
Bf4 Bg4 12. exd6 exd6 13. h3 Bxf3 14. Bxf3 Nxd4 15. Bxb7 Rb8 16. Ba6 Re8 17. Qd2 Qd7 18. Rfe1 Na4 19. Rxe8+ Rxe8 20. Re1 Rxe1+ 21. Qxe1 Nxb2 22.
Nd5 Ne6 23. Be3 Na4 24. Qb4 Nac5 25. Bc4 h5 26. h4 Kh7 27. Qb8 a5 28. g3 Qd8 29. Qa7 Kg8 30. Ne7+ Kf8 31. Nxg6+ fxg6 32. Bxc5 Nc7 33. Bb6 1-0